 Dungeon Crawl Stone Soup version 0.18-b1-10-g3f7de93 (webtiles) character file.

1616 SkaryMonk the Slicer (level 8, -1/51 HPs)
             Began as an Octopode Assassin on Apr 29, 2016.
             Was an Initiate of Dithmenos.
             Slain by a centaur (6 damage)
             ... on level 6 of the Dungeon.
             The game lasted 01:42:01 (4805 turns).

SkaryMonk the Slicer (Octopode Assassin)            Turns: 4805, Time: 01:42:01

Health: -1/51      AC:  3    Str: 10    XL:     8   Next: 96%
Magic:  8/8        EV: 12    Int: 14    God:    Dithmenos [......]
Gold:   289        SH:  0    Dex: 15    Spells: 0 memorised, 7 levels left

rFire  . . .     SeeInvis .     a - +3 dagger
rCold  . . .     Gourm    .     (no shield)
rNeg   . . .     Faith    .     e - +2 hat
rPois  .         Spirit   .     (no amulet)
rElec  .         Dismiss  .     o - ring of teleportation
rCorr  .         Reflect  .     g - ring of protection from magic
SustAt .         Harm     .     (no ring)
MR     +....     Rnd*Tele +     (no ring)
Stlth  +++++.....               (no ring)
                                (no ring)
                                (no ring)
                                (no ring)

@: somewhat resistant to hostile enchantments, quite stealthy
A: almost no armour, amphibious, 8 rings, constrict 8, camouflage 1, gelatinous
body 1
a: Renounce Religion


You were on level 6 of the Dungeon.
You worshipped Dithmenos.
Dithmenos was noncommittal.
You were not hungry.

You visited 2 branches of the dungeon, and saw 7 of its levels.

You collected 289 gold pieces.

Notes
Turn   | Place    | Note
--------------------------------------------------------------
     0 | D:1      | SkaryMonk the Octopode Assassin began the quest for the Orb.
     0 | D:1      | Reached XP level 1. HP: 14/14 MP: 1/1
   186 | D:1      | Reached XP level 2. HP: 19/19 MP: 2/2
   753 | D:2      | Reached XP level 3. HP: 24/24 MP: 3/3
   803 | D:2      | Noticed Ijyb
   807 | D:2      | Killed Ijyb
   807 | D:2      | Reached XP level 4. HP: 21/30 MP: 4/4
   870 | D:2      | Noticed Terence
  1161 | D:2      | Reached skill level 3 in Short Blades
  1219 | D:2      | Found an iron altar of Okawaru.
  1453 | D:2      | Reached XP level 5. HP: 35/35 MP: 5/5
  1490 | D:2      | Found a shattered altar of Ashenzari.
  1491 | D:2      | Found a snail-covered altar of Cheibriados.
  1548 | D:2      | Killed Terence
  1548 | D:2      | Reached skill level 4 in Short Blades
  1893 | D:2      | Noticed Crazy Yiuf
  1906 | D:2      | Killed Crazy Yiuf
  2295 | D:2      | Reached skill level 5 in Short Blades
  2295 | D:2      | Reached XP level 6. HP: 27/41 MP: 6/6
  2898 | D:4      | Reached skill level 6 in Short Blades
  3149 | D:5      | Entered Level 5 of the Dungeon
  3172 | D:5      | Noticed a troll
  3300 | D:5      | Reached XP level 7. HP: 43/45 MP: 7/7
  3390 | D:5      | Reached skill level 7 in Short Blades
  3410 | D:5      | Found a bloodstained altar of Trog.
  3411 | D:5      | Noticed a moth of wrath
  3561 | D:5      | Killed a troll
  3561 | D:5      | Reached skill level 8 in Short Blades
  3561 | D:5      | Reached XP level 8. HP: 51/51 MP: 8/8
  3621 | D:5      | Found a white marble altar of Elyvilon.
  3827 | D:6      | Found a white marble altar of Elyvilon.
  3878 | D:6      | Reached skill level 9 in Short Blades
  4031 | D:4      | Got a slimy hand axe
  4171 | D:4      | Reached skill level 10 in Short Blades
  4317 | D:4      | Found a staircase to the Ecumenical Temple.
  4323 | Temple   | Entered the Ecumenical Temple
  4345 | Temple   | Became a worshipper of Dithmenos the Shadowed
  4805 | D:6      | Slain by a centaur

Inventory:

Hand Weapons
 a - a +3 dagger (weapon)
 b - a +0 blowgun
 E - the cursed +2 hand axe "Xakoe" {elec, rElec rPois rC+ MR-, unknown}
   (You found it on level 4 of the Dungeon)

   Occasionally, upon striking a foe, it will discharge some electrical energy
   and cause terrible harm.
   It protects you from cold.
   It insulates you from electricity.
   It protects you from poison.
   It affects your resistance to hostile enchantments.
   It has a curse placed upon it.
 F - a cursed -1 dagger
Missiles
 c - 29 poisoned needles
 d - 2 curare-tipped needles
 k - 11 needles of sleeping
Armour
 e - a +2 hat (worn)
Jewellery
 g - a ring of protection from magic (right tentacle)
 o - a ring of teleportation (left tentacle)
Wands
 y - a wand of confusion (22/48)
Scrolls
 j - a scroll of fear
 l - a scroll of enchant armour {unknown}
 r - a scroll of enchant weapon
 s - 3 scrolls of teleportation {unknown}
 t - 2 scrolls of remove curse
 u - a scroll of random uselessness {unknown}
 v - 2 scrolls of recharging {unknown}
 x - a scroll of amnesia {unknown}
Potions
 i - 2 potions of flight
 n - a potion of resistance {unknown}
 q - 2 potions of curing
 w - a potion of haste {unknown}
 A - 2 potions of cure mutation {unknown}
 D - a potion of mutation {unknown}
Comestibles
 f - 6 bread rations
 h - 2 meat rations
 p - 5 beef jerkies
 z - a royal jelly
 B - 5 chunks of flesh
 C - a slice of pizza

Table legend:
 A = Turns spent in this place as a percentage of turns spent in the entire game.
 B = Non-inter-level travel turns spent in this place as a percentage of non-inter-level travel turns spent in the entire game.
 C = Inter-level travel turns spent in this place as a percentage of turns spent in this place.
 D = Turns resting spent in this place as a percentage of non-inter-level travel turns spent in this place.
 E = Turns spent auto-exploring this place as a percentage of non-inter-level travel turns spent in this place.
 F = Non-inter-level travel turns spent in this place divided by the number of levels of this place that you've seen.
                   A       B       C       D       E      F
               +-------+-------+-------+-------+-------+----------------------
         Total | 100.0 | 100.0 |   1.1 |   3.3 |  12.2 | 186.1
       Dungeon |  98.7 |  98.8 |   1.1 |   3.3 |  11.4 | 214.5
        Temple |   1.3 |   1.2 |   5.9 |   0.0 |  75.0 |  16.0
               +-------+-------+-------+-------+-------+----------------------


   Skills:
 - Level 2.4 Fighting
 - Level 10.0 Short Blades
 - Level 2.6 Throwing
 - Level 1.5 Dodging
 + Level 7.9 Stealth


You had 7 spell levels left.
You didn't know any spells.

Dungeon Overview and Level Annotations

Branches:
Dungeon (6/15)             Temple (1/1) D:4

Altars:
Ashenzari
Cheibriados
Dithmenos
Elyvilon
Gozag
Kikubaaqudgha
Makhleb
Nemelex Xobeh
Okawaru
Pakellas
Ru
Trog
Vehumet
Xom
Yredelemnul
Zin
The Shining One


Innate Abilities, Weirdness & Mutations

You cannot wear most types of armour.
You are amphibious.
You can wear up to eight rings at the same time.
You can use your tentacles to constrict eight enemies at once.
Your skin changes colour to match your surroundings (Stealth).
Your rubbery body absorbs attacks (AC +1).


Message History

The centaur hits you.
* * * LOW HITPOINT WARNING * * *
Drink which item? (? for menu, Esc to quit)
You are confused.
You feel invigorated. The giant cockroach barely misses you.
The centaur hits you.
* * * LOW HITPOINT WARNING * * *
The giant cockroach barely misses you. The centaur hits you!
* * * LOW HITPOINT WARNING * * *
The giant cockroach bites you but does no damage.
The centaur misses you. The centaur closely misses you.
The giant cockroach misses you.
You feel less invigorated.
You feel less confused. The centaur closely misses you.
The giant cockroach barely misses you. The centaur hits you!
* * * LOW HITPOINT WARNING * * *
The giant cockroach closely misses you. The centaur hits you.
You die...

#..........
..........#
##.........
..#......<#
####......
.........#
......
#.......#
###..
#.......#
..
##.......#
#.....s..#
#8c@..#
#[#....#
#8....#
....####
#####


You could see a centaur and a giant cockroach.

Table legend:
 A = Kills in this place as a percentage of kills in entire the game.
 B = Kills by you in this place as a percentage of kills by you in the entire game.
 C = Kills by friends in this place as a percentage of kills by friends in the entire game.
 D = Other kills in this place as a percentage of other kills in the entire game.
 E = Experience gained in this place as a percentage of experience gained in the entire game.
 F = Experience gained in this place divided by the number of levels of this place that you have seen.
                   A       B       C       D       E      F
               +-------+-------+-------+-------+-------+----------------------
         Total | 100.0 | 100.0 |  -nan |  -nan | 100.0 | 329.9
       Dungeon | 100.0 | 100.0 |  -nan |  -nan | 100.0 | 384.8
               +-------+-------+-------+-------+-------+----------------------

Vanquished Creatures
  A troll (D:5)
  An ice beast (D:5)
  A phantom (D:5)
  3 ogres
  2 centaurs (D:6)
  2 scorpions (D:4)
  A howler monkey (D:4)
  2 crimson imps
  2 hounds (D:4)
  2 orc priests
  3 orc wizards (D:4)
  Crazy Yiuf (D:2)
  3 iguanas
  Terence (D:2)
  A worker ant (D:5)
  Ijyb (D:2)
  6 gnolls
  9 adders
  A howler monkey skeleton (D:4)
  3 worms
  2 dart slugs
  A giant gecko (D:5)
  11 orcs
  4 giant cockroaches
  6 goblins
  7 hobgoblins
  11 jackals
  13 kobolds
  3 quokkas (D:2)
  2 ball pythons (D:2)
  13 bats
  2 giant newts
  11 rats
132 creatures vanquished.

Action                   |  1- 3 |  4- 6 |  7- 9 || total
-------------------------+-------+-------+-------++-------
Melee: Dagger            |    37 |   150 |   133 ||   320
       Constrict         |    10 |    47 |    23 ||    80
       Tentacles         |     5 |    30 |    27 ||    62
 Fire: Blowgun           |     4 |    14 |       ||    18
Evoke: Wand              |       |       |     2 ||     2
  Use: Scroll            |       |     7 |       ||     7
       Potion            |       |       |     2 ||     2
 Stab: Sleeping          |     9 |    10 |    14 ||    33
       Distracted        |       |     1 |     1 ||     2
       Confused          |       |       |     2 ||     2
  Eat: Chunk             |       |     7 |     5 ||    12
Armor: Skin              |     4 |    25 |    14 ||    43
Dodge: Dodged            |     6 |    83 |    64 ||   153

Vault maps used:
D:1:      evilmike_arrival_crescent
D:2:      lemuel_doored_altar, gammafunk_temple_overflow_pools,
          roderic_ancient_swastika, minmay_surrounded, uniq_terence, uniq_iyjb,
          uniq_crazy_yiuf_cottage
D:3:      first_bread
D:4:      minmay_temple_entry_hall, hangedman_decor_clover_reticule
D:5:      tgw_trog, basic_altar, serial_park_tiny_2
D:6:      led_sif_book, elyvilon_altar_1, minmay_statues_item,
          grunt_gozag_statues
Temple:   jpeg_temple_clearing_12
